 Dungeon Crawl Stone Soup version 0.31.0-11-ge490571c62 (webtiles) character file.

Game seed: 7521251198351901324

225 hawla the Conjurer (level 5, 0/27 HPs)
             Began as a Deep Elf Conjurer on Feb 4, 2024.
             Slain by an orc
             ... wielding a +0 hand axe of freezing
              (3 damage)
             ... on level 4 of the Dungeon.
             The game lasted 00:07:14 (2110 turns).

hawla the Conjurer (Deep Elf Conjurer)              Turns: 2110, Time: 00:07:15

Health: 0/27       AC:  3    Str:  4    XL:     5   Next: 68%
Magic:  1/11       EV: 12    Int: 31    God:
Gold:   110        SH:  0    Dex: 13    Spells: 1/10 levels left

rFire   + . .        f - +0 dagger (venom)
rCold   + + .        (no shield)
rNeg    . . .        a - +0 robe
rPois   +            (no helmet)
rElec   +            (no cloak)
rCorr   +            (no gloves)
SInv    .            p - +0 pair of boots
Will    .....        (no amulet)
Stlth   ++           e - ring of protection from cold
HPRegen 0.24/turn    r - +6 ring of intelligence
MPRegen 0.12/turn

%: no passive effects
@: resistant
A: frail 1, inability to read after injury 1
a: no special abilities


You were on level 4 of the Dungeon.
You visited 1 branch of the dungeon, and saw 4 of its levels.

You collected 110 gold pieces.

Inventory:

Hand Weapons
 f - a +0 dagger of venom (weapon)
Armour
 a - a +0 robe (worn)
 p - a +0 pair of boots (worn)
Magical Staves
 k - a staff of fire
 l - a staff of death
Jewellery
 e - a ring of protection from cold (left hand)
 r - a +6 ring of intelligence (right hand)
 s - a ring of willpower
 t - a ring of fire
Wands
 u - a wand of digging (4)
Scrolls
 c - a scroll of vulnerability {unknown}
 d - 3 scrolls of immolation {unknown}
 h - a scroll of revelation {unknown}
 i - a scroll of amnesia {unknown}
 j - 5 scrolls of identify {unknown}
 m - a scroll of blinking {unknown}
 n - 3 scrolls of teleportation {unknown}
Potions
 b - 2 potions of magic
 o - a potion of haste {unknown}
 q - a potion of brilliance {unknown}


   Skills:
 - Level 2.0 Fighting
 - Level 0.2 Short Blades
 - Level 2.4 Dodging
 - Level 2.4 Stealth
 + Level 2.2 Shields
 - Level 3.0 Spellcasting
 - Level 4.4 Conjurations
 - Level 1.0 Hexes
 - Level 1.0 Necromancy
 + Level 2.9 Translocations
 - Level 1.0 Fire Magic
 - Level 1.0 Alchemy
 - Level 0.3 Evocations


You had one spell level left.
You knew the following spells:

 Your Spells              Type           Power      Damage    Failure   Level
a - Magic Dart            Conj           100%       1d8       1%          1
b - Searing Ray           Conj           62%        2d6       1%          2
c - Iskenderun's Mystic   Conj/Tloc      27%        2d7       14%         4
d - Blink                 Tloc           46%        N/A       3%          2

Your spell library contained the following spells:

 Spells                   Type           Power      Damage    Failure   Level
 Slow                     Hex            40%        N/A       4%          1
 Call Imp                 Summ           8%         N/A       10%         2
 Confusing Touch          Hex            10%        N/A       13%         3
 Sigil of Binding         Hex            10%        N/A       13%         3
 Vampiric Draining        Necr           10%        2d6       13%         3
 Fulminant Prism          Conj/Alch      10%        3d8       22%         4


Dungeon Overview and Level Annotations

Branches:
Dungeon (4/15)
 Temple: D:4-7

Altars:

Shops:
D:4 (


Innate Abilities, Weirdness & Mutations

You are frail. (-10% HP)
You occasionally lose the ability to read scrolls when taking damage.


Message History

Casting: Magic Dart (safe; 1% risk of failure)
Confirm with . or Enter, or press ? or * to list all spells.
Aiming: Magic Dart (safe; 1% risk of failure)
Press: ? - help, Shift-Dir - straight line, f/p - ogre
Aim: an ogre, wielding a +0 giant spiked club (severely wounded, 100% to hit)
The magic dart hits the ogre!
You kill the ogre!
The orc shouts!
The orc hits you with a +0 dagger.
Your Shields skill increases to level 2!
Casting: Magic Dart (safe; 1% risk of failure)
Confirm with . or Enter, or press ? or * to list all spells.
Aiming: Searing Ray (safe; 1% risk of failure)
Press: ? - help, Shift-Dir - straight line, f - orc
Aim: an orc, wielding a +0 dagger (79% to hit)
The searing ray hits the orc.
You kill the orc! (Press . to maintain the ray.)
The searing ray hits the orc!
You kill the orc!
Something hits you but does no damage.
Things that are here:
a +0 dagger; a +0 dagger You hit something but do no damage.
Something hits you but does no damage.
You hit something. The jackal bites you.
The orc hits you with a +0 hand axe of freezing.
Something hits you.
The jackal bites you but does no damage.
You hit something.
The orc hits you with a +0 hand axe of freezing!
The orc freezes you. The jackal misses you.
You hear some strange, mumbled words.
A magic dart appears from out of thin air!
The magic dart hits you!
* * * LOW HITPOINT WARNING * * *
It was a potion of resistance.
You feel protected.
The jackal bites you but does no damage.
The orc hits you with a +0 hand axe of freezing.
You die...

##...##..........#
##.................
#....#.............
#....#.............
#####................. #
##..###................ #.
##....###............<.. ..
#.##.....o##..).....)#.....
..#
#........{@h.##.....###..##
#.. ###......######....##
#### #..# #.....### ##..##
#..# ##...## ####
#...###..### #..#...##
#....### ##..## #o##


You could see an orc and a jackal.

Vanquished Creatures
  An ogre (D:4)
  A bombardier beetle (D:3)
  Natasha (twice) (D:3)
  2 adders
  A dart slug (D:3)
  2 ribbon worms
  3 orcs (D:4)
  2 bats
  2 endoplasms
  2 giant cockroaches (D:1)
  5 goblins
  A hobgoblin (D:2)
  3 jackals
  3 ball pythons (D:1)
  2 kobolds
  3 rats
35 creatures vanquished.

Notes
Turn   | Place    | Note
-------+----------+-------------------------------------------
     0 | D:1      | hawla the Deep Elf Conjurer began the quest for the Orb.
     0 | D:1      | Reached XP level 1. HP: 10/10 MP: 6/6
   469 | D:1      | Reached XP level 2. HP: 15/15 MP: 6/8
   729 | D:2      | Reached skill level 1 in Hexes
   747 | D:2      | Reached skill level 1 in Necromancy
   747 | D:2      | Reached skill level 1 in Alchemy
   859 | D:2      | Learned a level 2 spell: Searing Ray
  1070 | D:2      | Gained mutation: You do not regenerate when monsters are
                  | visible. [potion of mutation]
  1070 | D:2      | Gained mutation: You are partially covered in iridescent
                  | scales. (AC +2) [potion of mutation]
  1070 | D:2      | Gained mutation: You occasionally lose the ability to read
                  | scrolls when taking damage. [potion of mutation]
  1076 | D:2      | Reached skill level 1 in Fire Magic
  1076 | D:2      | Lost mutation: You do not regenerate when monsters are
                  | visible. [potion of mutation]
  1076 | D:2      | Lost mutation: You are partially covered in iridescent
                  | scales. (AC +2) [potion of mutation]
  1076 | D:2      | Gained mutation: You are frail. (-10% HP) [potion of
                  | mutation]
  1293 | D:3      | Noticed Natasha
  1296 | D:3      | Killed Natasha
  1297 | D:3      | Reached skill level 1 in Fighting
  1297 | D:3      | Reached XP level 3. HP: 18/18 MP: 4/9
  1543 | D:3      | Reached XP level 4. HP: 23/23 MP: 10/10
  1555 | D:3      | Learned a level 4 spell: Iskenderun's Mystic Blast
  1558 | D:3      | Learned a level 2 spell: Blink
  1642 | D:3      | Noticed Natasha
  1655 | D:3      | Killed Natasha
  1656 | D:3      | Reached skill level 1 in Shields
  1656 | D:3      | Reached skill level 1 in Translocations
  1863 | D:4      | Noticed an ogre
  1863 | D:4      | Found Jimir's Weapon Shop.
  1865 | D:4      | HP: 1/23 [ogre/+0 giant spiked club (22)]
  2099 | D:4      | Reached XP level 5. HP: 27/27 MP: 7/11
  2103 | D:4      | Killed an ogre
  2110 | D:4      | Slain by an orc

Illustrated notes

Levels and vault maps discovered:
D:1:      minmay_arrival_semitransparent, layout_basic
D:2:      layout_basic, serial_bayou_pond_d
D:3:      layout_basic, uniq_natasha
D:4:      minmay_inner_zag, layout_cave_pods, minmay_temple_entry_waves,
          serial_shops, nicolae_stop_n_shop_1, minivault_19, uniq_menkaure

Skill      XL: |  1  2  3  4  5 |
---------------+----------------+-----
Hexes          | 1 |  1.0
Necromancy     | 1 |  1.0
Alchemy        | 1 |  1.0
Fire Magic     | 1 |  1.0
Fighting       | 1 2 |  2.0
Shields        | 1 2 |  2.2
Translocations | 2 |  2.9
Short Blades   | |  0.2
Dodging        | |  2.4
Stealth        | |  2.4
Spellcasting   | |  3.0
Conjurations   | |  4.4
Evocations     | |  0.3

Action                     |  1- 3 |  4- 6 || total
---------------------------+-------+-------++-------
  Melee: Dagger            |    23 |     8 ||    31
   Cast: Magic Dart        |    23 |     9 ||    32
         Searing Ray       |     2 |     7 ||     9
         Iskenderun's Myst |       |     1 ||     1
    Use: Potion            |     2 |     1 ||     3
   Stab: Sleeping          |     4 |       ||     4
 Armour: Robe              |    15 |    16 ||    31
  Dodge: Dodged            |    12 |     7 ||    19
